 Dungeon Crawl Stone Soup version 0.31.0-9-g3a7656b989 (webtiles) character file.

Game seed: 15098873674523873020

251 qw the Skirmisher (level 5, -4/30 (31) HPs)
             Began as a Deep Elf Hunter on Feb 2, 2024.
             Slain by a wight
             ... wielding a +0 short sword
              (6 damage)
             ... on level 3 of the Dungeon.
             The game lasted 00:00:05 (1978 turns).

qw the Skirmisher (Deep Elf Hunter)                 Turns: 1978, Time: 00:00:06

HP:   -4/30 (31)    AC:  6    Str: 10    XL:     5   Next: 88%
MP:   7/7           EV: 11    Int: 14    God:
Gold: 32            SH:  0    Dex: 18    Spells: 4/4 levels left

rFire   . . .        a - +0 shortbow
rCold   . . .        (shield currently unavailable)
rNeg    . . .        g - +0 ring mail
rPois   .            (no helmet)
rElec   .            (no cloak)
rCorr   .            (no gloves)
SInv    .            b - +0 pair of boots
Will    .....        (no amulet)
Stlth   +            (no ring)
HPRegen 0.25/turn    (no ring)
MPRegen 0.10/turn

%: no passive effects
@: lightly drained
A: no striking features
a: no special abilities


You were on level 3 of the Dungeon.
You visited 1 branch of the dungeon, and saw 3 of its levels.

You collected 32 gold pieces.


   Skills:
 - Level 2.3 Fighting
 + Level 9.0 Ranged Weapons
 - Level 2.4 Dodging
 - Level 1.2 Stealth


You had 4 spell levels left.
You didn't know any spells.
Your spell library was empty.

Inventory:

Hand Weapons
 a - a +0 shortbow (weapon)
Armour
 b - a +0 pair of boots (worn)
 g - a +0 ring mail (worn)
Potions
 c - a potion of berserk rage {unknown}
 d - a potion of haste

Dungeon Overview and Level Annotations

Branches:
Dungeon (3/15)

Altars:
Fedhas


Message History

You shoot an arrow.
The arrow hits the wight but does no damage.
The wight is moderately damaged.
The wight closely misses you.
You shoot an arrow. The arrow hits the wight!
The wight is severely damaged.
You shoot an arrow. The arrow hits the wight.
The wight is moderately damaged.
You shoot an arrow. The arrow barely misses the wight.
The arrow hits the wight but does no damage.
The wight is severely damaged.
The wight misses you.
You shoot an arrow. The arrow completely misses the wight.
The arrow hits the wight.
You destroy the wight!
The wight hits you with a +0 short sword. x2
You feel drained.
Your life force feels restored.
Your Fighting skill increases to level 2!
You shoot an arrow.
The arrow hits the wight but does no damage.
The wight is moderately damaged.
The wight misses you.
You shoot an arrow. The arrow hits the wight.
The wight is heavily damaged.
The wight hits you with a +0 short sword.
You feel drained.
You shoot an arrow.
The arrow hits the wight but does no damage.
The wight is heavily damaged.
The wight hits you with a +0 short sword.
You shoot an arrow.
The arrow hits the wight but does no damage.
The wight is heavily damaged.
The wight hits you but does no damage.
You shoot an arrow.
The arrow hits the wight but does no damage.
The wight is heavily damaged.
The wight hits you with a +0 short sword.
You die...

#.....#
######.#.#.#
#..PP..###.#
#.##.P.P.P#
#.#
..[..PP_PP#
#.#
#.#.#P.P.P#
#.#
#...PPP.###.#
#######.....#
#####@# #z#
.zzz...z#
#########


You could see 2 wights.

Vanquished Creatures
  2 wights (D:3)
  Natasha (thrice) (D:2)
  3 adders (D:2)
  3 ribbon worms (D:2)
  6 bats
  4 endoplasms
  A giant cockroach (D:2)
  6 goblins
  3 hobgoblins (D:1)
  2 quokkas (D:1)
  10 ball pythons
  A frilled lizard (D:2)
  2 kobolds
  4 rats
50 creatures vanquished.

Notes
Turn   | Place    | Note
-------+----------+-------------------------------------------
     0 | D:1      | qw the Deep Elf Hunter began the quest for the Orb.
     0 | D:1      | Reached XP level 1. HP: 12/12 MP: 3/3
     0 | D:1      | 0 ||| qw: Version: 0.3-a-155-g5e7d8dd
     0 | D:1      | 0 ||| qw: Game counter: 1113
     0 | D:1      | 0 ||| qw: Melee chars always use a shield: true
     0 | D:1      | 0 ||| qw: God list: Okawaru
     0 | D:1      | 0 ||| qw: Allow faded altars: false
     0 | D:1      | 0 ||| qw: Do Orc after clearing Dungeon:15 true
     0 | D:1      | 0 ||| qw: Do second Lair branch before Depths: true
     0 | D:1      | 0 ||| qw: Lair rune preference: random
     0 | D:1      | 0 ||| qw: Goals: Normal
     0 | D:1      | 0 ||| PLANNING D:1-11
    93 | D:1      | Reached XP level 2. HP: 16/16 MP: 4/4
    95 | D:1      | Reached skill level 6 in Ranged Weapons
   802 | D:1      | 802 ||| READING scroll labelled KUONGU LICK.
   803 | D:1      | 803 ||| READING 3 scrolls labelled LUPPUS JOTISACWUS.
   804 | D:1      | 804 ||| DROPPING scroll of butterflies.
   805 | D:1      | 805 ||| DROPPING 2 scrolls of fog.
   888 | D:2      | Reached XP level 3. HP: 20/20 MP: 5/5
  1004 | D:2      | Noticed Natasha
  1013 | D:2      | Killed Natasha
  1014 | D:2      | Reached skill level 7 in Ranged Weapons
  1088 | D:2      | Reached XP level 4. HP: 25/25 MP: 6/6
  1151 | D:2      | Found the +0 toga "Victory" {*Victory Clar}
  1186 | D:2      | Noticed Natasha
  1194 | D:2      | Killed Natasha
  1256 | D:2      | Reached skill level 8 in Ranged Weapons
  1490 | D:2      | Noticed Natasha
  1496 | D:2      | Killed Natasha
  1497 | D:2      | Reached XP level 5. HP: 8/29 MP: 7/7
  1892 | D:2      | 1892 ||| UPGRADING to +0 pair of boots.
  1897 | D:2      | 1897 ||| UPGRADING to +0 ring mail.
  1907 | D:2      | 1907 ||| DROPPING +0 leather armour.
  1908 | D:2      | 1908 ||| READING scroll labelled OLIAM XUOSIAW.
  1911 | D:2      | 1911 ||| READING scroll labelled IHUBRO WEZXO.
  1911 | D:2      | 1911 ||| IDENTIFYING pink potion
  1912 | D:2      | 1912 ||| DRINKING 2 fizzy clear potions.
  1913 | D:2      | 1913 ||| DROPPING potion of degeneration.
  1936 | D:3      | Found a blossoming altar of Fedhas.
  1959 | D:3      | 1959 ||| RETREEEEATING.
  1961 | D:3      | 1961 ||| RETREEEEATING.
  1967 | D:3      | Reached skill level 9 in Ranged Weapons
  1976 | D:3      | HP: 2/30 [wight/+0 short sword (6)]
  1978 | D:3      | Slain by a wight

Levels and vault maps discovered:
D:1:      psy_arrival_basics, layout_basic
D:2:      layout_basic, nicolae_the_louvre, uniq_natasha
D:3:      layout_loops_ring, fedhas_altar_3,
          shapermc_ecumenical_altar_hornbeckon, minmay_goblin_outpost

Skill      XL: |  1  2  3  4  5 |
---------------+----------------+-----
Ranged Weapons | 6 7 8 9 |  9.0
Fighting       | 2 |  2.3
Dodging        | |  2.4
Stealth        | |  1.2

Action                     |  1- 3 |  4- 6 || total
---------------------------+-------+-------++-------
   Fire: Shortbow          |    79 |    84 ||   163
    Use: Scroll            |     2 |     2 ||     4
         Potion            |       |     1 ||     1
 Armour: Leather armour    |     9 |    14 ||    23
         Ring mail         |       |     7 ||     7
  Dodge: Dodged            |    12 |    17 ||    29

Table legend:
 A = Non-vault XP
 B = Vault XP
 C = Vault XP percentage of total XP
 D = Non-vault monster count
 E = Vault monster count
 F = Vault count percentage of total count
                 A         B        C        D         E       F
            +---------+---------+-------+---------+---------+-------
      Total |     324 |      35 |   9.7 |      49 |       1 |   2.0
            +---------+---------+-------+---------+---------+-------
        D:1 |      37 |       0 |   0.0 |      23 |       0 |   0.0
        D:2 |     141 |      35 |  19.9 |      21 |       1 |   4.5
        D:3 |     146 |       0 |   0.0 |       5 |       0 |   0.0
            +---------+---------+-------+---------+---------+-------
